 Dungeon Crawl Stone Soup version 0.31-a0-744-gbc345e7fcb (webtiles) character file.

Game seed: 890821053740151972

23 Bravepunisher the Ducker (level 2, -1/24 HPs)
             Began as a Spriggan Monk on Sept 13, 2023.
             Slain by a gnoll
             ... wielding a +0 halberd
              (4 damage)
             ... on level 4 of the Dungeon.
             The game lasted 00:01:51 (561 turns).

Bravepunisher the Ducker (Spriggan Monk)             Turns: 561, Time: 00:01:52

Health: -1/24      AC: 21    Str:  7    XL:     2   Next: 72%
Magic:  3/3        EV:  4    Int: 11    God:
Gold:   64         SH:  0    Dex: 17    Spells: 1/1 levels left

rFire   . . .        f - +3 short sword (elec)
rCold   . . .        d - orb {light}
rNeg    . . .        b - melded +0 robe
rPois   +            (helmet currently unavailable)
rElec   .            (cloak currently unavailable)
rCorr   .            (gloves unavailable)
SInv    +            (boots unavailable)
Will    .....        (no amulet)
Stlth   +            (no ring)
HPRegen 0.24/turn    (no ring)
MPRegen 0.08/turn

%: no passive effects
@: tree-form (expiring), glowing
A: stationary, stasis, torment immunity, boosted hp, very small, no large
weapons, unfitting armour, see invisible, (speed 3)
a: no special abilities


You were on level 4 of the Dungeon.
You were a tree.
You visited 1 branch of the dungeon, and saw 5 of its levels.

You collected 64 gold pieces.

Inventory:

Hand Weapons
 f - a +3 short sword of electrocution (weapon)
Armour
 b - a +0 robe (melded)
 d - an orb of light (worn)
Potions
 a - a potion of cancellation
 c - a potion of ambrosia
 h - a potion of enlightenment


   Skills:
 + Level 2.7 Fighting
 - Level 3.2 Short Blades
 * Level 5.0 Dodging


You had one spell level left.
You didn't know any spells.
Your spell library was empty.

Dungeon Overview and Level Annotations

Branches:
Dungeon (5/15)
 Temple: D:4-7

Altars:


Innate Abilities, Weirdness & Mutations

You are a tree.
Your roots penetrate the ground, keeping you stationary.
You cannot be teleported.
You are immune to unholy pain and torment.
Your maximum health is greatly increased.
Your equipment is partially melded.
You are very small and have problems with some larger weapons.
You are too small for most types of armour.
You have supernaturally acute eyesight. (SInv)
((You cover ground extremely quickly. (Speed+++)))


Message History

It was a potion of lignification.
You turn into a tree.
Your +0 robe melds into your body.
Your roots penetrate the ground.
It was a potion of enlightenment.
Your roots keep you in place.
You start resting.
A gnoll is nearby!
A gnoll is nearby!
Your enlightenment fades.
The gnoll hits you but does no damage. The gnoll hits you but does no damage.
You hit the gnoll.
The gnoll is heavily wounded.
The gnoll hits you but does no damage. The gnoll hits you with a +0 club.
You puncture the gnoll!
You kill the gnoll!
The gnoll hits you from afar with a +0 spear.
Your Dodging skill increases to level 5!
Okay, then.
The gnoll hits you but does no damage. The gnoll hits you but does no damage.
The gnoll hits you but does no damage. x2
The gnoll hits you but does no damage. The gnoll closely misses you.
The gnoll hits you but does no damage. x2
The gnoll hits you from afar with a +0 spear.
The gnoll barely misses you.
The gnoll hits you but does no damage. x2
The gnoll hits you but does no damage. x2
The gnoll hits you but does no damage. x2
The gnoll hits you from afar with a +0 spear.
The gnoll hits you but does no damage. The gnoll barely misses you.
The gnoll hits you but does no damage. The gnoll barely misses you.
The gnoll hits you from afar with a +0 halberd.
Your transformation is almost over.
The gnoll hits you from afar with a +0 spear.
* * * LOW HITPOINT WARNING * * *
The gnoll hits you but does no damage.
The gnoll hits you but does no damage. x2
The gnoll barely misses you.
The gnoll hits you from afar with a +0 halberd.
You die...

#........#
.<
#........#
...
########.#
.... #.#
..... #.#
######
#g## #gg#
##)## #.♣#
####


You could see 3 gnolls.

Vanquished Creatures
  A gnoll (D:4)
  A ball python (D:1)
  2 endoplasms
  3 goblins (D:4)
  A hobgoblin (D:1)
  2 kobolds (D:1)
  A frilled lizard (D:1)
11 creatures vanquished.

Notes
Turn   | Place    | Note
-------+----------+-------------------------------------------
     0 | D:1      | Bravepunisher the Spriggan Monk began the quest for the
                  | Orb.
     0 | D:1      | Reached XP level 1. HP: 11/11 MP: 2/2
   420 | D:4      | Reached XP level 2. HP: 14/16 MP: 3/3
   441 | D:5      | Entered Level 5 of the Dungeon
   441 | D:5      | Noticed an ogre
   473 | D:4      | Noticed a black bear
   547 | D:4      | Reached skill level 5 in Dodging
   561 | D:4      | Slain by a gnoll

Illustrated notes

Levels and vault maps discovered:
D:1:      amcnicky_arrival_feature_with_door, layout_basic
D:2:      wander_river, layout_loops_ring,
          hellmonk_ecumenical_altar_defaced_shrine, uniq_jessica
D:3:      layout_loops_ring, mainiacjoe_overflow_paths,
          mainiacjoe_overflow_concentric_impassable, serial_shops, shop, shop,
          shop, nicolae_shop_tiny_glass,
          nicolae_shop_competitors_out_of_business
D:4:      layout_basic, lemuel_mausoleum_altar_yredelemnul,
          nicolae_wu_jian_wuxing_cycle, minmay_temple_entry_drinking_statues
D:5:      layout_basic, overflow_temple_1_default, uniq_menkaure

Skill      XL: |  1  2 |
---------------+-------+-----
Dodging        | 5 |  5.0
Fighting       | |  2.7
Short Blades   | |  3.2

Action                     || total
---------------------------++-------
  Melee: Short sword       ||    35
    Use: Potion            ||     2
         Scroll            ||     1
 Armour: Robe              ||     5
         Skin              ||    28
  Dodge: Dodged            ||    29

Table legend: (Time is in decaauts)
 A = Elapsed time spent in this place.
 B = Non-inter-level travel time spent in this place.
 C = Inter-level travel time spent in this place.
 D = Time resting spent in this place.
 E = Time spent auto-exploring this place.
 F = Levels seen in this place.
 G = Mean time per level.
                   A        B        C        D        E       F      G
               +--------+--------+--------+--------+--------+-----+--------+
         Total |    375 |    375 |      0 |      2 |    225 |   5 |   75.0 |
       Dungeon |    375 |    375 |      0 |      2 |    225 |   5 |   75.0 |
               +--------+--------+--------+--------+--------+-----+--------+

Top non-repeatable levels by time:
     D:1: 204 daAuts
     D:4: 126 daAuts
     D:2: 23 daAuts
     D:3: 18 daAuts
     D:5: 1 daAuts
